 Dungeon Crawl Stone Soup version 0.24-a0-203-gf0bc1e9 (webtiles) character file.

Game seed: 10160171393481516070

2937 Ijustatesigmund the Ducker (level 9, -10/65 HPs)
             Began as an Octopode Fighter on Mar 27, 2019.
             Mangled by a two-headed ogre
             ... wielding a +0 giant club
              (14 damage)
             ... on level 8 of the Dungeon.
             The game lasted 00:10:50 (7851 turns).

Ijustatesigmund the Ducker (Octopode Fighter)       Turns: 7851, Time: 00:10:52

Health: -10/65     AC:  1    Str: 15    XL:     9   Next: 80%
Magic:  9/9        EV: 16    Int: 11    God:
Gold:   320        SH: 10    Dex: 14    Spells: 8/8 levels left

rFire    . . .     SeeInvis .   a - +2 flail
rCold    . . .     Gourm    .   b - +0 shield
rNeg     . . .     Faith    .   (helmet restricted)
rPois    .         Spirit   .   (no amulet)
rElec    .         Reflect  .   (no ring)
rCorr    .         Harm     .   (no ring)
MR       .....                  (no ring)
Stlth    ++........             (no ring)
HPRegen  0.20/turn              (no ring)
MPRegen  0.11/turn              (no ring)
                                (no ring)
                                (no ring)

@: no status effects
A: almost no armour, stealthy swim, amphibious, 8 rings, constrict 8, camouflage
1, gelatinous body 1
a: no special abilities


You were on level 8 of the Dungeon.
You were very hungry.

You visited 1 branch of the dungeon, and saw 8 of its levels.

You collected 320 gold pieces.

Inventory:

Hand Weapons
 a - a +2 flail (weapon)
 o - a +2 antimagic whip
Missiles
 c - 2 throwing nets (quivered)
Armour
 b - a +0 shield (worn)
Jewellery
 n - an uncursed ring of ice
Wands
 t - a wand of digging (8)
Scrolls
 e - 7 scrolls of remove curse
 j - 5 scrolls of amnesia
 l - 3 scrolls of fog
 q - 2 scrolls of immolation
Potions
 g - 2 potions of degeneration
 h - 3 potions of brilliance
 i - a potion of lignification
Comestibles
 d - 9 rations


   Skills:
 + Level 7.7 Fighting
 - Level 5.3 Maces & Flails
 + Level 7.7 Dodging
 + Level 7.7 Shields


You had 8 spell levels left.
You didn't know any spells.
Your spell library contained the following spells:

 Spells                   Type           Power        Failure   Level  Hunger
 Sandblast                Erth           #.....       65%         1    ##.....
 Passwall                 Tmut/Erth      #.......     80%         2    ###....
 Stone Arrow              Conj/Erth      #.....       95%         3    ####...
 Petrify                  Tmut/Erth      #.......     100%        4    #####..
 Lee's Rapid Deconstruct  Erth           #.........   100%        5    ######.


Dungeon Overview and Level Annotations

Branches:
Dungeon (8/15)             Temple (0/1) D:7
   Lair: D:8-11

Altars:
Nemelex Xobeh
Trog
Yredelemnul

Shops:
D:5 [

Annotations:
D:7 1 runed translucent door, Gorice's ghost, novice MfWn


Innate Abilities, Weirdness & Mutations

You cannot wear most types of armour.
You are very stealthy in the water. (Stealth+)
You are amphibious.
You can wear up to eight rings at the same time.
You can use your tentacles to constrict eight enemies at once.
Your skin changes colour to match your surroundings (Stealth+).
Your rubbery body absorbs attacks. (AC +1, EV +1)


Message History

The two-headed ogre is heavily wounded.
The orc wizard casts a cantrip, but nothing happens.
You block the two-headed ogre's attack.
The two-headed ogre hits you with a +0 dire flail!
You barely miss the two-headed ogre. You squeeze the two-headed ogre!
The two-headed ogre is severely wounded.
The two-headed ogre hits you with a +0 giant club!
The two-headed ogre hits you with a +0 dire flail!
You are too injured to fight recklessly!
You are too injured to fight recklessly!
You are too injured to fight recklessly!
You are too injured to fight recklessly!
There are monsters nearby!
You hit the two-headed ogre but do no damage.
You squeeze the two-headed ogre, but do no damage.
The two-headed ogre is severely wounded.
The two-headed ogre hits you with a +0 giant club!
* * * LOW HITPOINT WARNING * * *
The two-headed ogre hits you with a +0 dire flail!
You die...

....... .##. .......
..#.. ......... ....#
......... .?....
..........# .....#
.............o.##....#
......#..........O...#
......#.....#...@....#
............##....####
...........(.#......#
...................##
. #................#
..##............#..#
........###....#####
.....<.## #.....#
.......# #.....#


You could see a two-headed ogre and an orc wizard.

Vanquished Creatures
  The ghost of Ijustatesigmund the Chopper, a novice OpFi (D:5)
  A wraith (D:5)
  2 hungry ghosts (D:7)
  A water moccasin (D:7)
  3 ice beasts
  An orc warrior (D:5)
  An eye of draining (D:4)
  2 sky beasts
  2 ogres
  A centaur (D:5)
  3 bullfrogs
  A big kobold (D:7)
  2 scorpions
  A water moccasin zombie (D:6)
  2 howler monkeys
  3 crimson imps
  4 hounds
  A jelly (D:5)
  3 orc priests (D:6)
  A centaur skeleton (D:7)
  An iguana (D:7)
  4 orc wizards
  5 worker ants
  A hound zombie (D:5)
  5 adders
  A shadow imp (D:6)
  2 oozes
  2 adder skeletons (D:4)
  An adder zombie (D:7)
  A worm (D:3)
  2 dart slugs
  4 leopard geckos
  16 orcs
  4 giant cockroaches
  7 goblins
  7 hobgoblins
  4 jackals (D:7)
  2 quokkas
  3 ball pythons
  A ball python skeleton (D:5)
  3 bats (D:1)
  3 frilled lizards
  8 kobolds
  2 rats (D:1)
  A spectral orc (D:2)
126 creatures vanquished.

Notes
Turn   | Place    | Note
-------+----------+-------------------------------------------
     0 | D:1      | Ijustatesigmund the Octopode Fighter began the quest for
                  | the Orb.
     0 | D:1      | Reached XP level 1. HP: 16/16 MP: 1/1
   175 | D:1      | Reached XP level 2. HP: 21/21 MP: 2/2
   492 | D:1      | Reached XP level 3. HP: 26/26 MP: 3/3
  1242 | D:2      | Found a basalt altar of Yredelemnul.
  1794 | D:3      | Reached XP level 4. HP: 30/31 MP: 4/4
  2265 | D:4      | Reached skill level 5 in Maces & Flails
  2265 | D:4      | Reached XP level 5. HP: 31/36 MP: 5/5
  2303 | D:4      | Found a sparkling altar of Nemelex Xobeh.
  2437 | D:4      | Reached XP level 6. HP: 30/42 MP: 6/6
  2573 | D:4      | Noticed an eye of draining
  2574 | D:4      | Found a bloodstained altar of Trog.
  2587 | D:4      | Killed an eye of draining
  2706 | D:5      | Entered Level 5 of the Dungeon
  2932 | D:5      | Noticed an ice beast
  2940 | D:5      | Killed an ice beast
  2940 | D:5      | Reached XP level 7. HP: 9/48 MP: 7/7
  3428 | D:5      | Found a runed translucent door.
  3433 | D:5      | Noticed Ijustatesigmund's ghost (novice OpFi)
  3468 | D:5      | Noticed a wraith
  3479 | D:5      | Killed a wraith
  3479 | D:5      | Reached skill level 5 in Fighting
  3479 | D:5      | Reached skill level 5 in Dodging
  3763 | D:5      | Reached skill level 5 in Shields
  3763 | D:5      | Reached XP level 8. HP: 51/55 MP: 8/8
  3995 | D:5      | Found Huymim's Antique Armour Emporium.
  5242 | D:6      | You fall through a shaft!
  5298 | D:7      | Found a staircase to the Ecumenical Temple.
  5314 | D:7      | Reached XP level 9. HP: 45/63 MP: 9/9
  5568 | D:7      | Found a runed translucent door.
  5569 | D:7      | Noticed Gorice's ghost (novice MfWn)
  6376 | D:5      | Killed Ijustatesigmund's ghost
  7844 | D:8      | Noticed a two-headed ogre
  7851 | D:8      | Mangled by a two-headed ogre

Levels and vault maps discovered:
D:1:      elethiomel_arrival_infinity_welcomes_careful_drivers, layout_basic,
          fountainhead, st_stairs_9
D:2:      layout_rooms, yredelemnul_forgotten_temple_becter,
          hangedman_decor_peaks_small
D:3:      layout_rooms
D:4:      minmay_diamond_boxcup, layout_loops_ring, old_standard_altar,
          trog_eyes_of_draining
D:5:      layout_loops_cross, hellmonk_ghost_happy_afterlife, serial_shops,
          nicolae_shop_overgrown_old_shop, first_ration
D:6:      layout_gridville, st_stairs_4
D:7:      layout_gridville, minmay_temple_entry_antechambers,
          ebering_ghost_inner_flame, grunt_ogre_cave
D:8:      layout_cave_pools, lemuel_doored_altar, minitemple,
          nicolae_qazlal_general_emergency

Skill      XL: |  1  2  3  4  5  6  7  8  9 |
---------------+----------------------------+-----
Maces & Flails | 3 4 5 |  5.3
Fighting       | 4 5 6 7 |  7.7
Dodging        | 4 5 6 7 |  7.7
Shields        | 4 5 6 7 |  7.7

Action                   |  1- 3 |  4- 6 |  7- 9 || total
-------------------------+-------+-------+-------++-------
Melee: Flail             |    73 |    61 |   263 ||   397
       Constrict         |    13 |    14 |    40 ||    67
       Tentacles         |    11 |    12 |    65 ||    88
  Use: Scroll            |     6 |       |     6 ||    12
       Potion            |     2 |     3 |     9 ||    14
 Stab: Sleeping          |     8 |     5 |     5 ||    18
       Distracted        |       |     1 |       ||     1
  Eat: Chunk             |     3 |     2 |     5 ||    10
       Ration            |       |       |     5 ||     5
Armor: Skin              |     4 |     1 |    14 ||    19
Dodge: Dodged            |    34 |    27 |   141 ||   202
Block: Shield            |    28 |    26 |   132 ||   186

Table legend:
 A = Non-vault XP
 B = Vault XP
 C = Vault XP percentage of total XP
 D = Non-vault monster count
 E = Vault monster count
 F = Vault count percentage of total count
                 A         B        C        D         E       F
            +---------+---------+-------+---------+---------+-------
      Total |    3410 |     787 |  18.8 |     110 |      16 |  12.7
            +---------+---------+-------+---------+---------+-------
        D:1 |      34 |       8 |  19.0 |      20 |       3 |  13.0
        D:2 |      25 |       1 |   3.8 |       8 |       1 |  11.1
        D:3 |      27 |       0 |   0.0 |       6 |       0 |   0.0
        D:4 |     217 |     216 |  49.9 |       9 |       9 |  50.0
        D:5 |    1054 |     376 |  26.3 |      21 |       1 |   4.5
        D:6 |     597 |      68 |  10.2 |      17 |       1 |   5.6
        D:7 |    1368 |     118 |   7.9 |      28 |       1 |   3.4
        D:8 |      88 |       0 |   0.0 |       1 |       0 |   0.0
            +---------+---------+-------+---------+---------+-------
